General information
- name: grudge02
- type: Custom game
- host: AgentCodyBanks
- saver: AgentCodyBanks
map: TerenasStand
- players: 4
- length: 14:47
- speed: Fast
- version: 1.21 W3XP
- replay type: Public
» download(56 KB)
Players
team 1 (loser)
gREEDoFtHEnOOB (
pink | 84 APM | 1211 actions | 14:20)
4 Archmage
2 Summon Water Elemental
2 Brilliance Aura
2 Blood Mage
1 Flame Strike
1 Siphon Mana
» actions
| Assign group hotkey | 36 | |
| Basic commands | 54 | |
| Build / train | 56 | |
| Enter build submenu | 15 | |
| Enter hero's abilities submenu | 6 | |
| Right click | 531 | |
| Select / deselect | 330 | |
| Select group hotkey | 131 | |
| Use ability | 52 | |
1211 total
» units
| Peasant | 8 | |
| Footman | 13 | |
| Forest Troll Shadow Priest | 2 | |
| Forest Troll Berserker | 1 | |
| Spell Breaker | 5 | |
| Priest | 1 | |
| Knight | 1 | |
31 total
» upgrades
» buildings
| Altar of Kings | 1 | |
| Farm | 8 | |
| Barracks | 1 | |
| Scout Tower | 1 | |
| Arcane Tower | 1 | |
| Blacksmith | 1 | |
| Lumber Mill | 1 | |
| Keep | 1 | |
| Arcane Vault | 1 | |
| Arcane Sanctum | 1 | |
| Castle | 1 | |
18 total
» build order
00:08 Altar of Kings
00:19 Farm
00:20 Farm
00:33 Barracks
01:45 Scout Tower
02:13 Arcane Tower
02:54 Farm
03:13 Farm
03:16 Farm
03:30 Blacksmith
03:39 Farm
04:20 Lumber Mill
04:54 Keep
05:03 Farm
07:11 Arcane Vault
08:14 Arcane Sanctum
09:54 Castle
10:16 Farm
» items
| Scroll of Town Portal | 1 | |
| Scroll of Regeneration | 3 | |
| Potion of Mana | 1 | |
5 total
team 2 (winner)
erz (
red | 134 APM | 1928 actions | 14:21)
6 Mountain King
3 Storm Bolt
3 Thunder Clap
» actions
| Assign group hotkey | 413 | |
| Basic commands | 71 | |
| Build / train | 78 | |
| ESC pressed | 2 | |
| Enter build submenu | 24 | |
| Enter hero's abilities submenu | 6 | |
| Right click | 748 | |
| Select / deselect | 211 | |
| Select group hotkey | 300 | |
| Use ability | 75 | |
1928 total
» units
| Peasant | 25 | |
| Footman | 8 | |
| Forest Troll Shadow Priest | 6 | |
| Forest Troll Berserker | 3 | |
| Ogre Mauler | 2 | |
| Mud Golem | 6 | |
| Rifleman | 5 | |
55 total
» upgrades
» buildings
| Altar of Kings | 1 | |
| Barracks | 3 | |
| Farm | 10 | |
| Arcane Vault | 1 | |
| Scout Tower | 4 | |
| Lumber Mill | 1 | |
| Arcane Tower | 2 | |
| Town Hall | 2 | |
| Blacksmith | 1 | |
| Guard Tower | 1 | |
| Keep | 1 | |
| Castle | 1 | |
28 total
» build order
00:07 Altar of Kings
00:20 Barracks
00:35 Farm
00:57 Farm
01:34 Farm
02:04 Farm
03:20 Farm
03:43 Arcane Vault
03:44 Scout Tower
04:12 Lumber Mill
04:19 Farm
04:26 Arcane Tower
05:23 Scout Tower
05:26 Town Hall
07:02 Town Hall
07:04 Scout Tower
07:08 Barracks
07:11 Blacksmith
07:33 Guard Tower
07:34 Scout Tower
08:29 Arcane Tower
08:41 Barracks
09:47 Keep
11:08 Farm
11:08 Farm
11:24 Farm
11:24 Farm
13:30 Castle
» items
| Boots of Speed | 2 | |
| Potion of Lesser Invulnerability | 1 | |
| Scroll of Regeneration | 3 | |
| Lesser Clarity Potion | 4 | |
10 total
refereesAgentCodyBanks,
royceroyce2001 Chat log
(00:14 / All) gREEDoFtHEnOOB: en taro adun
(00:28 / All) erz: have a pleasant game
(00:45 / All) gREEDoFtHEnOOB: have a peasant game lol
(01:04 / All) gREEDoFtHEnOOB: do you know the music of jose gonzales
(01:14 / All) erz: no
(01:17 / All) gREEDoFtHEnOOB: it's good
(01:33 / All) gREEDoFtHEnOOB: first blood
(01:38 / All) erz: shit
(01:44 / All) erz: how can i catch up
(01:50 / All) gREEDoFtHEnOOB: tt
(08:13 / Referees) royceroyce2001: erz is still tier 1
(12:26 / Referees) royceroyce2001: 72 food vs 46 food
(14:14 / All) gREEDoFtHEnOOB: again
(14:15 / All) gREEDoFtHEnOOB: gg
(14:18 / All) erz: gg
(14:19 / All) gREEDoFtHEnOOB: o [layed like absolute shit